 Dungeon Crawl Stone Soup version 0.22-a0-79-g605b837 (webtiles) character file.

73 Zhenya24pyc the Shooter (level 4, 0/36 HPs)
             Began as a Centaur Hunter on Oct 21, 2016.
             Succumbed to an adder's poison
             ... on level 2 of the Dungeon on Jan 17, 2018.
             The game lasted 00:05:50 (1642 turns).

Zhenya24pyc the Shooter (Centaur Hunter)            Turns: 1642, Time: 00:05:51

Health: 0/36       AC:  4    Str: 15    XL:     4   Next: 8%
Magic:  4/4        EV:  9    Int: 10    God:
Gold:   92         SH:  0    Dex: 10    Spells: 3/3 levels left

rFire    . . .     SeeInvis .   a - +1 shortbow
rCold    . . .     Gourm    .   (shield currently unavailable)
rNeg     . . .     Faith    .   c - +0 leather armour
rPois    .         Spirit   .   (no helmet)
rElec    .         Reflect  .   (no cloak)
rCorr    .         Harm     .   (no gloves)
MR       .....                  (no barding)
Stlth    +.........             (no amulet)
HPRegen  0.12/turn              (no ring)
MPRegen  0.09/turn              (no ring)

@: lethally poisoned (0 -> -5), very quick
A: large, hooves 3, deformed body, speed 2, tough skin 3
a: no special abilities


You were on level 2 of the Dungeon.
You were not hungry.

You visited 1 branch of the dungeon, and saw 2 of its levels.

You collected 92 gold pieces.

Inventory:

Hand Weapons
 a - a +1 shortbow (weapon)
 b - a +0 short sword
Armour
 c - a +0 leather armour (worn)
Scrolls
 h - 3 scrolls of remove curse {unknown}
Potions
 e - 3 potions of curing {unknown}
 g - a potion of cancellation {unknown}
 i - a potion of lignification {unknown}
 j - 3 potions of haste {unknown}
Comestibles
 f - 3 rations
 k - a chunk of flesh


   Skills:
 - Level 2.0 Fighting
 * Level 6.5 Bows
 + Level 2.0 Dodging
 + Level 1.2 Stealth


You had 3 spell levels left.
You didn't know any spells.

Dungeon Overview and Level Annotations

Branches:
Dungeon (2/15)

Altars:


Innate Abilities, Weirdness & Mutations

You have hooves in place of feet.
Armour fits poorly on your strangely shaped body.
You cover ground very quickly.
You have extremely tough skin. (AC +3)


Message History

You shoot an arrow. The arrow barely misses the hobgoblin.
* * * LOW HITPOINT WARNING * * *
You feel sick.
Firing (i - inventory): No suitable missiles.
Press: ? - help, Shift-Dir - straight line, f/p - hobgoblin
Aim: a hobgoblin, wielding a club
Okay, then.
Firing (i - inventory): No suitable missiles.
Press: ? - help, Shift-Dir - straight line, f/p - hobgoblin
Aim: a hobgoblin, wielding a club
Okay, then.
Firing (i - inventory): No suitable missiles.
Press: ? - help, Shift-Dir - straight line, f/p - hobgoblin
Aim: a hobgoblin, wielding a club
Okay, then.
Firing (i - inventory): No suitable missiles.
Press: ? - help, Shift-Dir - straight line, f/p - hobgoblin
Aim: a hobgoblin, wielding a club
Okay, then.
You die...

.....
#####
#########
###
........#
.(#
.########
#.# .###
#g# ...#
#.# .#.#
#$#
.#.###
##@#
.....#
+..#
.#.###
#..# .#.#
##.# ##.#
#.# #..#
#.# #.###
#.# ....#
#.#
###.#####
#.######


You could see a hobgoblin.

Vanquished Creatures
  5 adders
  An ooze (D:1)
  A worm (D:2)
  2 bats (D:2)
  A giant cockroach (D:2)
  4 hobgoblins
  4 frilled lizards
  2 goblins
  3 kobolds (D:1)
  A rat (D:1)
24 creatures vanquished.

Notes
Turn   | Place    | Note
-------+----------+-------------------------------------------
     0 | D:1      | Zhenya24pyc the Centaur Hunter began the quest for the Orb.
     0 | D:1      | Reached XP level 1. HP: 17/17 MP: 1/1
   411 | D:1      | Reached XP level 2. HP: 19/24 MP: 2/2
   476 | D:1      | Upgraded the game from 0.19-a0-1907-gcff654f to 0.22-a0-79-g605b837
   822 | D:2      | Reached skill level 6 in Bows
   829 | D:2      | Reached skill level 1 in Stealth
   829 | D:2      | Reached XP level 3. HP: 19/29 MP: 3/3
  1018 | D:2      | Found a faded altar of an unknown god.
  1631 | D:2      | Reached XP level 4. HP: 7/36 MP: 4/4
  1640 | D:2      | HP: 1/36 [poisoned by an adder]
  1642 | D:2      | Succumbed to an adder's poison

Vault maps used:
D:1:      co_arrival_random_square_maze
D:2:      chequers_temple_overflow_minitemple, first_ration,
          chequers_ecumenical_altar_simple, roderic_lattice_a,
          grunt_qazlal_sundering

Skill      XL: |  1  2  3 |
---------------+----------+-----
Bows           | 6 |  6.5
Stealth        | 1 |  1.2
Dodging        | 2 |  2.0
Fighting       | |  2.0

Action                   |  1- 3 |  4- 6 || total
-------------------------+-------+-------++-------
Melee: Shortbow          |    19 |       ||    19
       Kick              |     4 |       ||     4
 Fire: Shortbow          |    99 |     1 ||   100
  Eat: Chunk             |     1 |       ||     1
Armor: Leather armour    |    26 |       ||    26
Dodge: Dodged            |    30 |       ||    30

Table legend:
 A = Spawn XP
 B = Non-spawn XP
 C = Spawn XP percentage of total XP
 D = Spawn monster count
 E = Non-spawn monster count
 F = Spawn count percentage of total count
 G = Total turns spent on level
                    A         B        C        D         E        F      G
               +---------+---------+-------+---------+---------+-------+---------
         Total |       0 |      69 |   0.0 |       0 |      12 |   0.0 |  1166
               +---------+---------+-------+---------+---------+-------+---------
           D:2 |       0 |      69 |   0.0 |       0 |      12 |   0.0 |   823
               +---------+---------+-------+---------+---------+-------+---------
